AoeStats
← foxinthelake

Fortress

510389710Analyzed
1v1 RM · 2d ago on Sep 30, 2026· 90m 18s· 2 players
Game mode
Random Map
Map size
Small (3 player)
Population
200
Speed
Normal
Resources
Standard
Victory
Conquest
Starting age
Dark Age
Ending age
Imperial Age
RankedLock teamsTeams togetherTeam positionsShared explorationLock speedFull tech treeHidden civsTurbo modeCheats
Victory
Defeat
🇳🇱 Vietnamese · Netherlands
978
+18
🇭🇷 Teutons · Croatia
1015
-18
foxinthelake
7:54 Feudal Age
9:04 Loom
12:04 Castle Age
10:11 Man-at-Arms
10:55 Double-Bit Axe
10:52 Horse Collar
11:01 Man-at-Arms
15:01 Long Swordsman
16:47 Fletching
19:19 Bodkin Arrow
26:02 Heavy Plow
27:56 Wheelbarrow
31:04 Imperial Age
29:18 Scale Barding Armor
29:52 Forging
30:32 Chain Barding Armor
31:14 Capped Ram
33:16 Plate Barding Armor
35:17 Bracer
37:08 Padded Archer Armor
38:12 Bloodlines
37:25 Light Cavalry
38:23 Husbandry
39:00 Iron Casting
39:05 Thumb Ring
38:22 Crossbowman
40:56 Leather Archer Armor
41:04 Arbalester
43:29 Crop Rotation
43:24 Paper Money
47:15 Chatras
47:39 Cavalier
49:51 Ring Archer Armor
50:09 Ballistics
51:35 Chemistry
52:29 Hand Cart
58:10 Elite Skirmisher
61:32 Elite Battle Elephant
65:42 Imperial Skirmisher
71:37 Bow Saw
LoremIpsum7893
7:36 Feudal Age
11:10 Castle Age
9:45 Double-Bit Axe
9:51 Loom
11:22 Horse Collar
13:40 Heavy Plow
28:04 Wheelbarrow
27:15 Town Watch
33:06 Imperial Age
30:54 Hand Cart
30:40 Town Patrol
32:09 Forging
32:00 Scale Mail Armor
31:54 Fletching
34:25 Gambesons
34:01 Man-at-Arms
36:01 Bodkin Arrow
36:22 Chain Mail Armor
36:42 Iron Casting
35:34 Pikeman
35:51 Elite Skirmisher
36:20 Long Swordsman
37:35 Conscription
38:37 Padded Archer Armor
39:42 Chemistry
38:11 Two-Handed Swordsman
39:40 Champion
41:07 Halberdier
52:17 Ballistics
53:42 Masonry
53:45 Fortified Wall
53:56 Leather Archer Armor
54:31 Plate Mail Armor
55:59 Blast Furnace
64:47 Ring Archer Armor
69:43 Bow Saw
70:09 Crop Rotation
70:42 Squires
73:46 Scale Barding Armor
73:57 Bloodlines
73:08 Cavalier
75:35 Crenellations
76:41 Chain Barding Armor
78:40 Two-Man Saw
Connection lost

Rejoining the realm…

Still unreachable

The connection could not be restored.

Session expired

The server has moved on; the page needs a fresh start.